Map: Prion Terraces

Players

dTefel (Tefel) - Winner!

  • Race: Zerg Zerg
  • League: Grandmaster

Miszu

  • Race: Terran Terran
  • League: Master

VOD

Have the link to the VOD?

Description

Time

  • Played on: March 13, 2016, 3:02 p.m.
  • Length: 10:44
Show
View Real Time Build Order
Export as new Build Order

dTefel Zerg - Winner!

Build Orders: Pool First 

Get SALT Encoding   

  12  0:01  Drone  
  13  0:08  Drone  
  14  0:17  Overlord  
  14  0:22  Extractor  
  14  0:23  Drone  
  15  0:35  Drone x2  
  17  0:44  Spawning Pool  
  17  0:46  Drone  
  17  1:08  Hatchery  
  17  1:10  Drone  
  17  1:14  Extractor  
  17  1:15  Drone  
  17  1:18  Drone  
  18  1:26  Drone  
  18  1:31  Queen  
  21  1:37  Zergling x2  
  22  1:48  Overlord  
  22  2:06  Queen, Drone  
  25  2:10  Drone  
  26  2:18  Metabolic Boost  
  26  2:19  Queen  
  26  2:20  Drone  
  29  2:25  Drone  
  29  2:35  Drone x2  
  31  2:39  Spore Crawler  
  31  2:40  Drone x2  
  31  2:43  Drone  
  33  2:50  Overlord  
  34  2:51  Drone  
  34  2:53  Drone  
  36  3:02  Hatchery  
  35  3:06  Drone  
  35  3:10  Extractor  
  35  3:12  Drone x4  
  38  3:16  Overlord  
  38  3:17  Zergling x2  
  38  3:18  Zergling x2  
  40  3:21  Evolution Chamber  
  40  3:25  Zergling x4  
  41  3:28  Drone x2  
  41  3:33  Roach Warren  
  42  3:38  Zergling x2  
  43  3:44  Drone x5  
  48  3:49  Zergling x4  
  48  3:55  Lair  
  50  4:06  Extractor  
  50  4:09  Zergling x6  
  52  4:11  Overlord  
  52  4:14  Roach x2  
  52  4:15  Overlord  
  52  4:16  Roach  
  57  4:26  Roach  
  57  4:28  Overlord  
  57  4:29  Drone x4  
  62  4:33  Overlord  
  62  4:37  Overlord  
  62  4:38  Roach  
  61  4:41  Spore Crawler, Drone  
  61  4:45  Overlord  
  61  4:48  Drone x3  
  61  4:49  Extractor  
  63  4:54  Drone  
  63  4:55  Spore Crawler  
  63  5:00  Spire  
  63  5:01  Overseer  
  63  5:05  Spore Crawler  
  61  5:07  Roach  
  61  5:08  Drone  
  64  5:14  Overlord, Roach  
  64  5:15  Drone x2  
  64  5:16  Drone  
  64  5:19  Overseer  
  64  5:21  Zergling x2, Roach  
  69  5:31  Overlord  
  69  5:33  Drone x3  
  68  5:36  Extractor, Drone x5  
  68  5:38  Extractor  
  71  5:48  Queen  
  71  5:49  Overlord  
  69  5:53  Zerg Missile Weapons Level 1  
  69  5:54  Overlord  
  69  5:56  Drone x2  
  69  6:05  Drone x5  
  69  6:06  Overlord  
  74  6:13  Mutalisk x4  
  74  6:15  Overlord  
  82  6:20  Zergling x10  
  82  6:25  Mutalisk  
  89  6:27  Hatchery  
  89  6:31  Evolution Chamber, Mutalisk  
  88  6:34  Mutalisk  
  85  6:49  Mutalisk  
  85  6:51  Drone  
  85  6:56  Drone x3  
  85  6:57  Overlord  
  85  6:59  Overlord  
  85  7:00  Drone x2  
  90  7:05  Overlord  
  90  7:06  Zerg Ground Armor Level 1  
  90  7:07  Drone x2  
  90  7:08  Overlord, Drone  
  93  7:12  Roach x3  
  98  7:17  Roach  
  98  7:18  Roach x2  
  98  7:21  Roach x2  
  98  7:22  Glial Reconstitution  
  108  7:35  Roach  
  108  7:36  Roach x3  
  108  7:37  Roach  
  118  7:44  Overlord  
  118  7:46  Overlord  
  118  7:50  Overlord, Roach x2  
  118  7:54  Roach x3  
  123  8:02  Overlord  
  118  8:08  Roach x7  
  123  8:13  Roach x2  
  123  8:14  Drone  
  123  8:15  Drone x2  
  123  8:18  Overlord  
  130  8:21  Roach x3  
  130  8:32  Roach x2  
  130  8:34  Roach x2  
  120  8:37  Roach x2  
  120  8:38  Roach  
  118  8:46  Roach x3  
  118  8:47  Roach  
  122  8:53  Roach x3  
  128  8:57  Zergling x4  
  128  9:00  Roach x2  
  128  9:01  Zergling x8, Roach  
  138  9:07  Roach  
  138  9:12  Roach  
  138  9:13  Roach x2  
  144  9:18  Ravager  
  144  9:20  Zergling x2, Roach  
  144  9:21  Zergling x6  
  138  9:29  Roach  
  136  9:32  Roach x5  
  136  9:34  Roach  
  148  9:39  Roach x2  
  148  9:40  Overlord  
  149  9:48  Zergling x2, Roach x2  
  149  9:49  Zergling x4  
  149  9:50  Zergling x2  
  157  9:53  Roach  
  157  9:58  Drone x2  
  158  10:10  Hatchery  
  158  10:12  Ravager x2  
  158  10:13  Ravager  
  158  10:14  Ravager  
  161  10:21  Roach x3  
Show
View Real Time Build Order
Export as new Build Order

Miszu Terran 

Build Orders: Reaper Expand, MMM Bio, Banshee Rush 

Get SALT Encoding   

  12  0:00  SCV  
  13  0:12  SCV  
  14  0:17  Supply Depot  
  14  0:24  SCV  
  15  0:38  SCV  
  15  0:39  Barracks  
  16  0:43  Refinery  
  16  0:51  SCV  
  17  1:03  SCV  
  18  1:15  SCV  
  19  1:27  Reaper, Orbital Command  
  20  1:43  Command Center  
  20  1:52  Supply Depot  
  20  1:53  SCV  
  21  1:56  Refinery  
  21  2:00  Barracks Reactor  
  21  2:05  SCV  
  22  2:18  SCV  
  22  2:21  Factory  
  23  2:31  SCV  
  24  2:40  Marine x2  
  24  2:43  SCV  
  26  2:55  SCV  
  26  2:58  Marine x2  
  29  3:05  Starport, Factory Tech Lab  
  29  3:07  SCV  
  30  3:13  Orbital Command  
  30  3:16  Marine x2  
  30  3:19  SCV  
  36  3:31  SCV  
  34  3:36  Factory Tech Lab  
  34  3:41  SCV  
  35  3:43  SCV  
  36  3:51  Banshee  
  36  3:52  Bunker, Cloaking Field  
  36  3:53  SCV  
  41  3:55  SCV  
  41  3:57  Marine x2  
  41  4:01  Supply Depot  
  42  4:03  Supply Depot  
  42  4:05  SCV  
  42  4:07  SCV  
  41  4:27  SCV  
  42  4:37  SCV, Banshee  
  44  4:40  SCV  
  44  4:44  Marine x2  
  47  4:47  Command Center  
  47  4:52  SCV  
  48  4:53  Barracks, SCV  
  48  4:54  Barracks  
  49  5:00  Siege Tank  
  49  5:02  Marine x2  
  49  5:04  Refinery, SCV  
  49  5:05  Refinery, SCV  
  56  5:16  SCV  
  56  5:17  SCV  
  58  5:22  Banshee  
  60  5:28  SCV  
  60  5:31  SCV  
  60  5:35  Engineering Bay x2  
  62  5:45  Barracks Tech Lab x2  
  62  5:46  SCV  
  62  5:51  SCV  
  62  5:53  Siege Tank  
  64  5:58  SCV  
  64  6:01  Barracks  
  64  6:02  Barracks  
  64  6:03  SCV  
  67  6:05  Terran Infantry Weapons Level 1, Orbital Command  
  67  6:06  Terran Infantry Armor Level 1  
  67  6:10  SCV  
  67  6:11  Stimpack  
  67  6:15  SCV  
  67  6:16  Starport Reactor  
  67  6:17  Marine x4  
  72  6:22  SCV  
  72  6:23  Combat Shields  
  73  6:27  SCV  
  74  6:35  Marine x3  
  74  6:39  Marine, Orbital Command  
  78  6:50  Marine x2  
  78  6:52  Marine, Missile Turret  
  78  6:53  Marine x2  
  80  6:54  Missile Turret  
  80  6:56  Medivac  
  80  6:57  Marine  
  83  7:03  SCV x2  
  85  7:15  Barracks Reactor  
  85  7:17  Supply Depot  
  85  7:20  Supply Depot  
  85  7:21  Marine x4, SCV x3  
  92  7:24  Bunker, Marine  
  92  7:26  Supply Depot  
  85  7:37  SCV x2  
  85  7:38  Marine x4, SCV, Armory  
  85  7:42  Marine  
  88  7:49  SCV x2  
  88  7:50  Medivac, Siege Tank, SCV  
  96  7:56  Marine x5  
  101  8:01  Marine  
  101  8:03  Supply Depot, Marine  
  101  8:04  Supply Depot  
  96  8:12  SCV  
  90  8:14  Marine x5  
  90  8:15  SCV  
  90  8:19  Marine  
  97  8:20  Supply Depot  
  97  8:21  Marine  
  97  8:22  Supply Depot  
  95  8:31  Marine  
  94  8:37  Marine  
  94  8:39  Marine x5  
  97  8:49  Marine  
  97  8:55  Marine  
  99  8:57  Marine x5  
  102  9:07  Marine  
  101  9:13  Marine  
  101  9:14  Marine, Siege Tank  
  101  9:15  Marine x4, Medivac x2  
  108  9:25  Marine  
  108  9:31  Marine  
  104  9:32  Marine  
  104  9:33  Marine x3, Reaper  
  97  9:43  Marine  
  97  9:45  Medivac x2  
  93  9:47  Siege Tank  
  93  9:48  Marine  
  93  9:50  Marine  
  93  9:51  Marine x3  
  96  10:00  Marine  
  96  10:05  Marine  
  96  10:06  Marine  
  99  10:08  Marine x4  
  103  10:16  SCV  
  103  10:18  Marine  
  108  10:23  Marine  
  108  10:24  Marine  
  108  10:26  Marine  
  111  10:28  SCV  
Tags
 
Add a new tag
Caveats
  • Supply blocks, unpowered buildings, or Contaminate may cause inaccurate times.
  • Supply counts are checked every 10 seconds.